| TOP OF THE 1ST |
|
Cleveland Guardians batting - Pitching for Minnesota Twins : LHP Marco Gonzales
|
|
Pitching: LHP Marco Gonzales
|
|
|
Batting: RHB Kris Bryant
|
0-0: Foul Ball, location: 9LDF 0-1: Fly out, F3 (Popup, 34S, EV 66.9 MPH)
|
|
Batting: RHB Miguel Rojas
|
0-0: Called Strike 0-1: Ball 1-1: Foul Ball, location: 2F 1-2: Foul Ball, location: 2F 1-2: Ball 2-2: Ground out 6-3 (Groundball, 6S, EV 80.0 MPH)
|
|
Batting: RHB Tommy Pham
|
0-0: Ball 1-0: Foul Ball, location: 9LSF 1-1: Ball 2-1: DOUBLE (Line Drive, 9LM, EV 107.5 MPH)
|
|
Batting: RHB Bobby Dalbec
|
0-0: Called Strike 0-1: Ball 1-1: Called Strike 1-2: Strikes out swinging
|
| Top of the 1st over - 0 runs, 1 hit, 0 errors, 1 left on base; Cleveland 0 - Minnesota 0 |
| BOTTOM OF THE 1ST |
|
Minnesota Twins batting - Pitching for Cleveland Guardians : RHP Kyle Gibson
|
|
Pitching: RHP Kyle Gibson
|
|
|
Batting: LHB Garrett Mitchell
|
0-0: SOLO HOME RUN (Line Drive, 78XD, EV 101.3 MPH), Distance : 394 ft
|
|
Batting: RHB Patrick Wisdom
|
0-0: Called Strike 0-1: Foul Ball, location: 2F 0-2: Foul Ball, location: 2F 0-2: Ball 1-2: Foul Ball, location: 25FF 1-2: SINGLE (Line Drive, 78S, EV 90.6 MPH)
|
|
Batting: LHB Mike Yastrzemski
|
0-0: Called Strike 0-1: Ball 1-1: Fly out, F8 (Line Drive, 8LD, EV 106.9 MPH)
|
|
Batting: RHB C.J. Cron
|
0-0: Ball 1-0: Foul Ball, location: 5FF 1-1: Ball 2-1: Foul Ball, location: 2F 2-2: Reached on error, E5 (Groundball, 6S, EV 88.1 MPH) Patrick Wisdom to second
|
|
Batting: RHB Christian Bethancourt
|
0-0: 3-RUN HOME RUN (Flyball, 7LD, EV 96.3 MPH), Distance : 392 ft
|
|
Batting: LHB Matt Carpenter
|
0-0: Ball 1-0: Ball 2-0: SINGLE (Groundball, 4MD, EV 106.9 MPH)
|
|
Batting: LHB Sam Hilliard
|
0-0: Called Strike 0-1: Fly out, F8 (Flyball, 8RD, EV 98.1 MPH)
|
|
Batting: LHB Brandon Crawford
|
0-0: Ball 1-0: SINGLE (Line Drive, 8RS, EV 102.5 MPH) Matt Carpenter to second Runner from 2nd tries for 3rd, SAFE, throw by CF made to third
|
|
Batting: RHB Kevin Newman
|
0-0: Ball Brandon Crawford steals 2nd base 1-0: Called Strike 1-1: Foul Ball, location: 9LSF 1-2: Ball 2-2: Fly out, F4 (Popup, 34, EV 55.0 MPH)
|
| Bottom of the 1st over - 4 runs, 5 hits, 1 error, 2 left on base; Cleveland 0 - Minnesota 4 |
| TOP OF THE 2ND |
|
Cleveland Guardians batting - Pitching for Minnesota Twins : LHP Marco Gonzales
|
|
Batting: SHB Sam Haggerty
|
0-0: Ball 1-0: Ball 2-0: Ball 3-0: Called Strike 3-1: Base on Balls
|
|
Batting: RHB Gary Sanchez
|
0-0: Called Strike 0-1: Fly out, F8 (Line Drive, 8RM, EV 104.4 MPH)
|
|
Batting: RHB Jake Marisnick
|
Pickoff Play to 1st, Runner tries for 2nd, OUT after rundown. 0-0: Ball 1-0: Foul Ball, location: 2LF 1-1: Foul Ball, location: 2F 1-2: Ball 2-2: SINGLE (Groundball, 5S, EV 70.6 MPH) (infield hit)
|
|
Batting: RHB Connor Wong
|
0-0: Ball Jake Marisnick steals 2nd base 1-0: Ball 2-0: Ball 3-0: Called Strike 3-1: Called Strike 3-2: Ground out 6-3 (Groundball, 6, EV 105.0 MPH)
|
| Top of the 2nd over - 0 runs, 1 hit, 0 errors, 1 left on base; Cleveland 0 - Minnesota 4 |
| BOTTOM OF THE 2ND |
|
Minnesota Twins batting - Pitching for Cleveland Guardians : RHP Kyle Gibson
|
|
Batting: LHB Garrett Mitchell
|
0-0: Called Strike 0-1: Ball 1-1: Ball 2-1: Ball 3-1: DOUBLE (Line Drive, 7LM, EV 110.6 MPH)
|
|
Batting: RHB Patrick Wisdom
|
0-0: Ball 1-0: Foul Ball, location: 23FF 1-1: Swinging Strike 1-2: Strikes out swinging
|
|
Batting: LHB Mike Yastrzemski
|
0-0: Ball 1-0: Ground out U3 (Groundball, 3S, EV 83.1 MPH) Garrett Mitchell to third
|
|
Batting: RHB C.J. Cron
|
0-0: Called Strike 0-1: Ball 1-1: Ball 2-1: Swinging Strike 2-2: Ball 3-2: Strikes out looking
|
| Bottom of the 2nd over - 0 runs, 1 hit, 0 errors, 1 left on base; Cleveland 0 - Minnesota 4 |
| TOP OF THE 3RD |
|
Cleveland Guardians batting - Pitching for Minnesota Twins : LHP Marco Gonzales
|
|
Batting: RHB José Fermin
|
0-0: Called Strike 0-1: Fly out, F7 (Flyball, 78M, EV 89.4 MPH)
|
|
Batting: RHB Kris Bryant
|
0-0: Called Strike 0-1: Ball 1-1: Called Strike 1-2: Ball 2-2: Ground out 3-1 (Groundball, 34S, EV 93.8 MPH)
|
|
Batting: RHB Miguel Rojas
|
0-0: Ground out 6-3 (Groundball, 6M, EV 86.3 MPH)
|
| Top of the 3rd over - 0 runs, 0 hits, 0 errors, 0 left on base; Cleveland 0 - Minnesota 4 |
| BOTTOM OF THE 3RD |
|
Minnesota Twins batting - Pitching for Cleveland Guardians : RHP Kyle Gibson
|
|
Batting: RHB Christian Bethancourt
|
0-0: Ball 1-0: Swinging Strike 1-1: Foul Ball, location: 9LDF 1-2: Foul Ball, location: 23F 1-2: Ground out 5-3 (Groundball, 56, EV 79.4 MPH)
|
|
Batting: LHB Matt Carpenter
|
0-0: Ball 1-0: Called Strike 1-1: SINGLE (Groundball, 4MD, EV 97.5 MPH)
|
|
Batting: LHB Sam Hilliard
|
0-0: Called Strike 0-1: Ball 1-1: Foul Ball, location: 5F 1-2: Strikes out swinging
|
|
Batting: LHB Brandon Crawford
|
0-0: Ball 1-0: Foul Ball, location: 2F 1-1: Swinging Strike 1-2: Fly out, F7 (Flyball, 7S, EV 77.5 MPH)
|
| Bottom of the 3rd over - 0 runs, 1 hit, 0 errors, 1 left on base; Cleveland 0 - Minnesota 4 |
| TOP OF THE 4TH |
|
Cleveland Guardians batting - Pitching for Minnesota Twins : LHP Marco Gonzales
|
|
Batting: RHB Tommy Pham
|
0-0: Called Strike 0-1: Ball 1-1: Ball 2-1: Swinging Strike 2-2: Ball 3-2: Base on Balls
|
|
Batting: RHB Bobby Dalbec
|
0-0: Ball 1-0: Ball Tommy Pham steals 2nd base 2-0: Called Strike 2-1: Called Strike 2-2: Strikes out swinging
|
|
Batting: SHB Sam Haggerty
|
0-0: Ball 1-0: DOUBLE (Line Drive, 5D, EV 100.6 MPH) Tommy Pham scores
|
|
Pinch Runner at 2nd Jackie Bradley:
|
|
|
Batting: RHB Gary Sanchez
|
0-0: Called Strike 0-1: Ball 1-1: Swinging Strike 1-2: Strikes out swinging
|
|
Batting: RHB Jake Marisnick
|
0-0: Called Strike 0-1: Called Strike 0-2: Ball 1-2: Ball 2-2: Ground out U3 (Groundball, 34S, EV 88.8 MPH)
|
| Top of the 4th over - 1 run, 1 hit, 0 errors, 1 left on base; Cleveland 1 - Minnesota 4 |
| BOTTOM OF THE 4TH |
|
Minnesota Twins batting - Pitching for Cleveland Guardians : RHP Kyle Gibson
|
|
Now in RF: Jackie Bradley
|
|
|
Batting: RHB Kevin Newman
|
0-0: Ball 1-0: Ball 2-0: Fly out, F6 (Line Drive, 6M, EV 65.6 MPH)
|
|
Batting: LHB Garrett Mitchell
|
0-0: Called Strike 0-1: Foul Ball, location: 7LMF 0-2: Strikes out swinging
|
|
Batting: RHB Patrick Wisdom
|
0-0: Called Strike 0-1: Ball 1-1: Foul Ball, location: 5F 1-2: Ball 2-2: Strikes out swinging
|
| Bottom of the 4th over - 0 runs, 0 hits, 0 errors, 0 left on base; Cleveland 1 - Minnesota 4 |
| TOP OF THE 5TH |
|
Cleveland Guardians batting - Pitching for Minnesota Twins : LHP Marco Gonzales
|
|
Batting: RHB Connor Wong
|
0-0: Foul Ball, location: 9LSF 0-1: Called Strike 0-2: Fly out, F4 (Flyball, 4D, EV 86.3 MPH)
|
|
Batting: RHB José Fermin
|
0-0: Called Strike 0-1: Called Strike 0-2: Ball 1-2: Strikes out swinging
|
|
Batting: RHB Kris Bryant
|
0-0: Ball 1-0: Reached via error on a dropped throw from 3B, E3 (Groundball, 56, EV 90.0 MPH)
|
|
Batting: RHB Miguel Rojas
|
0-0: Ball 1-0: Ground out 4-3 (Groundball, 4, EV 81.9 MPH)
|
| Top of the 5th over - 0 runs, 0 hits, 1 error, 1 left on base; Cleveland 1 - Minnesota 4 |
| BOTTOM OF THE 5TH |
|
Minnesota Twins batting - Pitching for Cleveland Guardians : RHP Kyle Gibson
|
|
Batting: LHB Mike Yastrzemski
|
0-0: Ball 1-0: Fly out, F8 (Flyball, 8LM, EV 90.0 MPH)
|
|
Batting: RHB C.J. Cron
|
0-0: Called Strike 0-1: Foul Ball, location: 2F 0-2: Ball 1-2: Ball 2-2: Foul Ball, location: 25F 2-2: Ball 3-2: Base on Balls
|
|
Batting: RHB Christian Bethancourt
|
0-0: Called Strike 0-1: SINGLE (Flyball, 3D, EV 93.1 MPH) C.J. Cron to second
|
|
Batting: LHB Matt Carpenter
|
0-0: Ball 1-0: Ball 2-0: Called Strike 2-1: Ball 3-1: Base on Balls C.J. Cron to third Christian Bethancourt to second
|
|
Batting: LHB Sam Hilliard
|
0-0: Fly out, F8 (Flyball, 8RXD, EV 95.6 MPH) Runner from 3rd tags up, SCORES, no throw by CF
|
|
Batting: LHB Brandon Crawford
|
0-0: Ball 1-0: Called Strike 1-1: Ball 2-1: Ball 3-1: Swinging Strike 3-2: SINGLE (Groundball, 6D, EV 99.4 MPH) Christian Bethancourt to third Matt Carpenter to second Christian Bethancourt scores Matt Carpenter to third
|
|
Pitching: RHP Shelby Miller
|
|
|
Batting: RHB Kevin Newman
|
0-0: Ball 1-0: Foul Ball, location: 9LSF 1-1: Fielders Choice at 2nd, 6-4 (Groundball, 6, EV 79.4 MPH)
|
| Bottom of the 5th over - 2 runs, 2 hits, 0 errors, 2 left on base; Cleveland 1 - Minnesota 6 |
| TOP OF THE 6TH |
|
Cleveland Guardians batting - Pitching for Minnesota Twins : LHP Marco Gonzales
|
|
Batting: RHB Tommy Pham
|
0-0: Called Strike 0-1: Ball 1-1: Swinging Strike 1-2: Foul Ball, location: 9LSF 1-2: Ball 2-2: Ball 3-2: SINGLE (Groundball, 6MD, EV 104.4 MPH)
|
|
Batting: RHB Bobby Dalbec
|
0-0: Ball 1-0: Called Strike 1-1: Foul Ball, location: 23F 1-2: Strikes out looking
|
|
Pitching: RHP Easton McGee
|
|
|
Batting: LHB Jackie Bradley
|
0-0: Called Strike 0-1: Ball 1-1: Ball 2-1: Grounds into double play, 4-6-3 (Groundball, 4, EV 87.5 MPH)
|
| Top of the 6th over - 0 runs, 1 hit, 0 errors, 0 left on base; Cleveland 1 - Minnesota 6 |
| BOTTOM OF THE 6TH |
|
Minnesota Twins batting - Pitching for Cleveland Guardians : RHP Shelby Miller
|
|
Batting: LHB Garrett Mitchell
|
0-0: Ball 1-0: Ball 2-0: Ball 3-0: Base on Balls
|
|
Batting: RHB Patrick Wisdom
|
0-0: Ball 1-0: Foul Ball, location: 2F 1-1: Foul Ball, location: 5F 1-2: Foul Ball, location: 9LSF 1-2: Strikes out swinging
|
|
Batting: LHB Mike Yastrzemski
|
0-0: Ball 1-0: Called Strike 1-1: Ball 2-1: Fly out, F8 (Flyball, 8RXD, EV 79.4 MPH)
|
|
Batting: RHB C.J. Cron
|
0-0: Foul Ball, location: 9LMF 0-1: Ball 1-1: Ball 2-1: Called Strike 2-2: SINGLE (Line Drive, 78S, EV 106.3 MPH) Garrett Mitchell to second
|
|
Batting: RHB Christian Bethancourt
|
0-0: Ball 1-0: Foul Ball, location: 2F 1-1: Fly out, F8 (Flyball, 78M, EV 84.4 MPH)
|
| Bottom of the 6th over - 0 runs, 1 hit, 0 errors, 2 left on base; Cleveland 1 - Minnesota 6 |
| TOP OF THE 7TH |
|
Cleveland Guardians batting - Pitching for Minnesota Twins : RHP Easton McGee
|
|
Batting: RHB Gary Sanchez
|
0-0: SINGLE (Line Drive, 6MD, EV 95.0 MPH)
|
|
Batting: RHB Jake Marisnick
|
0-0: Ball 1-0: Called Strike 1-1: Swinging Strike 1-2: Strikes out looking
|
|
Pitching: RHP Hagen Danner
|
|
|
Batting: RHB Connor Wong
|
0-0: Called Strike 0-1: Foul Ball, location: 7LDF 0-2: Foul Ball, location: 7LMF 0-2: Ball 1-2: Grounds into double play, 5-4-3 (Groundball, 56, EV 83.8 MPH)
|
| Top of the 7th over - 0 runs, 1 hit, 0 errors, 0 left on base; Cleveland 1 - Minnesota 6 |
| BOTTOM OF THE 7TH |
|
Minnesota Twins batting - Pitching for Cleveland Guardians : RHP Shelby Miller
|
|
Batting: LHB Matt Carpenter
|
0-0: Called Strike 0-1: Ball 1-1: Ball 2-1: Ball 3-1: Base on Balls
|
|
Batting: LHB Sam Hilliard
|
0-0: Called Strike 0-1: Ball 1-1: Ground out 6-3 (Groundball, 13, EV 90.6 MPH) Matt Carpenter to second
|
|
Pitching: LHP Yusei Kikuchi
|
|
|
Batting: LHB Brandon Crawford
|
0-0: SINGLE (Line Drive, 8RS, EV 91.3 MPH) Matt Carpenter to third Runner from 3rd tries for Home, throw by CF and OUT! 8-2 Brandon Crawford to second
|
|
Batting: RHB Kevin Newman
|
0-0: Ball 1-0: SINGLE (Flyball, 3D, EV 96.3 MPH) Brandon Crawford to third Runner from 3rd tries for Home, SAFE, throw by RF to home
|
|
Batting: LHB Garrett Mitchell
|
0-0: Foul Ball, location: 5F 0-1: Ball 1-1: Called Strike 1-2: Ball 2-2: Foul Ball, location: 2F 2-2: Ball 3-2: Base on Balls Kevin Newman to second
|
|
Batting: RHB Patrick Wisdom
|
0-0: Swinging Strike 0-1: Called Strike 0-2: Strikes out swinging
|
| Bottom of the 7th over - 1 run, 2 hits, 0 errors, 2 left on base; Cleveland 1 - Minnesota 7 |
| TOP OF THE 8TH |
|
Cleveland Guardians batting - Pitching for Minnesota Twins : RHP Hagen Danner
|
|
Batting: RHB José Fermin
|
0-0: Ball 1-0: Ball 2-0: Ball 3-0: Called Strike 3-1: Called Strike 3-2: Ground out 5-3 (Groundball, 5, EV 102.5 MPH)
|
|
Batting: RHB Kris Bryant
|
0-0: Foul Ball, location: 9LDF 0-1: Called Strike 0-2: Ball 1-2: Foul Ball, location: 2F 1-2: Foul Ball, location: 9LMF 1-2: Ball 2-2: Ball 3-2: Foul Ball, location: 5FF 3-2: Base on Balls
|
|
Pitching: RHP Alex Speas
|
|
|
Batting: RHB Miguel Rojas
|
0-0: Called Strike 0-1: Called Strike 0-2: Ball 1-2: Ball 2-2: Grounds into double play, 4-6-3 (Groundball, 4S, EV 79.4 MPH)
|
| Top of the 8th over - 0 runs, 0 hits, 0 errors, 0 left on base; Cleveland 1 - Minnesota 7 |
| BOTTOM OF THE 8TH |
|
Minnesota Twins batting - Pitching for Cleveland Guardians : LHP Yusei Kikuchi
|
|
Pinch Hitting: RHB Paul Dejong
|
0-0: Ground out 6-3 (Groundball, 6, EV 105.0 MPH)
|
|
Batting: RHB C.J. Cron
|
0-0: Called Strike 0-1: Ball 1-1: Ball 2-1: Swinging Strike 2-2: Fly out, F6 (Popup, 6D, EV 53.8 MPH)
|
|
Batting: RHB Christian Bethancourt
|
0-0: Ball 1-0: Ball 2-0: Called Strike 2-1: Ball 3-1: Fly out, F8 (Line Drive, 8LS, EV 88.1 MPH)
|
| Bottom of the 8th over - 0 runs, 0 hits, 0 errors, 0 left on base; Cleveland 1 - Minnesota 7 |
| TOP OF THE 9TH |
|
Cleveland Guardians batting - Pitching for Minnesota Twins : RHP Alex Speas
|
|
Now in LF: Andrew McCutchen
|
|
|
Batting: RHB Tommy Pham
|
0-0: Called Strike 0-1: Swinging Strike 0-2: Foul Ball, location: 5DF 0-2: Strikes out swinging
|
|
Batting: RHB Bobby Dalbec
|
0-0: Called Strike 0-1: Foul Ball, location: 2F 0-2: Strikes out looking
|
|
Batting: LHB Jackie Bradley
|
0-0: DOUBLE (Flyball, 8RXD, EV 106.9 MPH)
|
|
Batting: RHB Gary Sanchez
|
0-0: Called Strike 0-1: Ball 1-1: Swinging Strike 1-2: Foul Ball, location: 2F 1-2: Ball 2-2: Ball 3-2: Strikes out swinging
|
| Top of the 9th over - 0 runs, 1 hit, 0 errors, 1 left on base; Cleveland 1 - Minnesota 7 |
|